 Dungeon Crawl Stone Soup version 0.31.0-12-g77e489cdc1 (webtiles) character file.

Game seed: 3226068533654632535

357 RancidPinata the Cudgeller (level 6, -1/38 HPs)
             Began as a Gargoyle Gladiator on Feb 22, 2024.
             Incinerated by a bombardier beetle (5 damage)
             ... with a burning spray
             ... on level 5 of the Dungeon.
             The game lasted 00:17:03 (4157 turns).

RancidPinata the Cudgeller (Gargoyle Gladiator)     Turns: 4157, Time: 00:17:03

Health: -1/38      AC: 12    Str: 17    XL:     6   Next: 64%
Magic:  6/6        EV: 11    Int:  9    God:
Gold:   281        SH:  4    Dex: 13    Spells: 5/5 levels left

rFire   . . .        a - +0 flail
rCold   . . .        v - +0 buckler
rNeg    + . .        s - +0 ring mail
rPois   ∞            c - +0 helmet
rElec   +            (no cloak)
rCorr   .            r - +0 pair of gloves
SInv    +            (no boots)
Will    .....        (no amulet)
Stlth   +            z - ring of see invisible
HPRegen 0.26/turn    (no ring)
MPRegen 0.10/turn

%: no passive effects
@: on fire, glowing
A: sickness immunity, AC +4, negative energy resistance 1, electricity
resistance, torment resistance 1, petrification resistance
a: no special abilities


You were on level 5 of the Dungeon.
You visited 2 branches of the dungeon, and saw 6 of its levels.

You collected 350 gold pieces.
You spent 69 gold pieces at shops.

Inventory:

Hand Weapons
 a - a +0 flail (weapon)
Missiles
 d - 4 throwing nets (quivered)
 e - a javelin
 g - 28 stones
Armour
 c - a +0 helmet (worn)
 r - a +0 pair of gloves (worn)
 s - a +0 ring mail (worn)
 v - a +0 buckler (worn)
Jewellery
 z - a ring of see invisible (left hand)
Talismans
 f - a storm talisman
 q - a beast talisman
Wands
 u - a wand of flame (11)
 D - a wand of paralysis (10)
Scrolls
 b - a scroll of immolation {unknown}
 h - 4 scrolls of amnesia {unknown}
 j - 8 scrolls of teleportation {unknown}
 k - 2 scrolls of fog {unknown}
 l - 5 scrolls of identify {unknown}
 m - a scroll of enchant weapon {unknown}
 n - a scroll of torment {unknown}
 y - 2 scrolls of revelation {unknown}
 A - a scroll of enchant armour {unknown}
 E - a scroll of butterflies {unknown}
 F - a scroll of blinking {unknown}
Potions
 i - 2 potions of heal wounds
 o - 3 potions of brilliance {unknown}
 p - 2 potions of curing {unknown}
 t - 2 potions of berserk rage {unknown}
 w - a potion of cancellation {unknown}
 x - 2 potions of mutation {unknown}
 B - 2 potions of enlightenment {unknown}
 C - a potion of attraction {unknown}


   Skills:
 * Level 4.1 Fighting
 * Level 4.2 Maces & Flails
 - Level 1.7 Throwing
 * Level 3.2 Armour
 + Level 3.0 Dodging
 + Level 2.2 Stealth
 + Level 1.5 Shields


You had 5 spell levels left.
You didn't know any spells.
Your spell library contained the following spells:

 Spells                   Type           Power      Damage    Failure   Level
 Freeze                   Ice            0%         1d3       67%         1
 Summon Small Mammal      Summ           0%         N/A       67%         1
 Call Canine Familiar     Summ           0%         N/A       96%         3
 Frozen Ramparts          Ice            0%         1d1       96%         3
 Hailstorm                Conj/Ice       0%         3d5       96%         3
 Ignite Poison            Fire/Alch      0%         N/A       100%        4
 Summon Blazeheart Golem  Fire/Summ      0%         N/A       100%        4
 Freezing Cloud           Conj/Ice/Air   0%         6-21      100%        5
 Summon Forest            Summ/Tloc      0%         N/A       100%        5
 Summon Mana Viper        Hex/Summ       0%         N/A       100%        5
 Summon Cactus Giant      Summ           0%         N/A       100%        6
 Cigotuvi's Dreadful Rot  Necr/Alch/Air  Unusable   N/A       N/A         2

Dungeon Overview and Level Annotations

Branches:
Dungeon (5/15)             Temple (1/1) D:4

Altars:
Ashenzari
Cheibriados
Dithmenos
Elyvilon
Fedhas
Hepliaklqana
Kikubaaqudgha
Makhleb
Ru
Sif Muna
Uskayaw
Vehumet
Yredelemnul
Zin

Shops:
D:3 =*=   D:4 ?   D:5 (

Annotations:
Temple 2 transporters


Innate Abilities, Weirdness & Mutations

You are immune to sickness and miasma.
Your stone body is resilient. (AC +4)
You are immune to poison.
You resist negative energy. (rN+)
You are resistant to electric shocks. (rElec)
You are resistant to unholy torment.
You are immune to petrification.


Message History

The bombardier beetle bites you.
* * * LOW HITPOINT WARNING * * *
You barely miss the bombardier beetle.
The bombardier beetle is severely wounded.
The liquid fire burns you!
* * * LOW HITPOINT WARNING * * *
The bombardier beetle sprays incendiary fluid at you.
The burning spray hits you.
You are even more covered in liquid fire!
You feel much better. The liquid fire burns you!
You hit the bombardier beetle but do no damage.
The bombardier beetle is severely wounded.
The liquid fire burns you!
The bombardier beetle sprays incendiary fluid at you.
The burning spray hits you.
You are even more covered in liquid fire!
You barely miss the bombardier beetle.
The bombardier beetle is severely wounded.
The liquid fire burns you!
The bombardier beetle sprays incendiary fluid at you.
The burning spray misses you.
You barely miss the bombardier beetle.
The bombardier beetle is severely wounded.
The liquid fire burns you! The bombardier beetle misses you.
You sock the bombardier beetle!
You kill the bombardier beetle!
The liquid fire burns you!
* * * LOW HITPOINT WARNING * * *
You shake off some of the fire as you move.
The liquid fire burns you!
* * * LOW HITPOINT WARNING * * *
You see here a bombardier beetle corpse.
You shake off some of the fire as you move.
The liquid fire burns you!
* * * LOW HITPOINT WARNING * * *
You shake off some of the fire as you move.
The liquid fire burns you!
You die...

.. #. #####.# .. #.
#.....#.... # #.
#.....#.... ##
#.###.......... ..
#####>........#.... ##
........§.§§§......
#....§§......# #######
#..§§≈§@≈≈≈§.# ###......
#.§≈§......§..##........
#.§≈§≈≈≈≈≈.≈..##.#......
#..≈§≈.....§..##.#......
#..≈.≈._.≈.≈r..#.#.....^
##.≈.≈...≈.≈.###.#######
#.≈.≈≈≈≈≈.§..##.# ####
#.≈......§§..##.# #...
#.≈≈≈≈≈≈≈≈≈.. #.# #...


You could see a quokka.

Vanquished Creatures
  2 bombardier beetles (D:5)
  3 jellies
  An orc priest (D:4)
  An iguana (D:3)
  3 adders
  A ribbon worm (D:3)
  2 dart slugs
  9 orcs
  9 bats
  3 endoplasms
  2 giant cockroaches
  9 goblins
  18 hobgoblins
  7 jackals (D:1)
  A quokka (D:2)
  4 ball pythons
  6 frilled lizards
  7 kobolds
  7 rats
95 creatures vanquished.

Notes
Turn   | Place    | Note
-------+----------+-------------------------------------------
     0 | D:1      | RancidPinata the Gargoyle Gladiator began the quest for the
                  | Orb.
     0 | D:1      | Reached XP level 1. HP: 12/12 MP: 1/1
    90 | D:1      | Reached XP level 2. HP: 14/18 MP: 2/2
   165 | D:1      | Reached skill level 1 in Armour
   358 | D:1      | Reached XP level 3. HP: 22/22 MP: 3/3
   517 | D:1      | Reached skill level 1 in Stealth
   941 | D:2      | Found a faded altar of an unknown god.
  1346 | D:3      | Found Qehisozu's Jewellery Shop.
  1485 | D:3      | Reached XP level 4. HP: 28/28 MP: 4/4
  1528 | D:3      | Found a burning altar of Makhleb.
  1718 | D:3      | Found Dumiumia's Assorted Antiques.
  1728 | D:3      | Bought a scroll labelled TOLI ADDEMED for 24 gold pieces
  1728 | D:3      | Bought a scroll labelled RAQUEW MIDAATT for 24 gold pieces
  1728 | D:3      | Bought a viscous purple potion for 21 gold pieces
  1817 | D:3      | You fall into a shaft and drop 2 floors!
  1817 | D:5      | Entered Level 5 of the Dungeon
  1884 | D:4      | Reached XP level 5. HP: 6/32 MP: 5/5
  2182 | D:4      | Found a basalt altar of Yredelemnul.
  2399 | D:4      | Found Anivve's Magic Scroll Boutique.
  2646 | D:3      | Found Tolupl Kaagh's Jewellery Shop.
  3094 | D:3      | Reached skill level 1 in Shields
  3379 | D:4      | Reached XP level 6. HP: 37/38 MP: 6/6
  3506 | D:4      | Found a staircase to the Ecumenical Temple.
  3518 | Temple   | Found a transporter.
  3518 | Temple   | Found a transporter.
  3518 | Temple   | Found a transporter.
  3518 | Temple   | Found a transporter.
  3518 | Temple   | Entered the Ecumenical Temple
  3793 | D:5      | Found Xefan's Weapon Emporium.
  4125 | D:5      | Found a hide-covered altar of Uskayaw.
  4157 | D:5      | Incinerated by a bombardier beetle

Illustrated notes

Levels and vault maps discovered:
D:1:      dpeg_arrival_shrine, layout_rooms
D:2:      layout_loops_ring, dreamdust_ecumenical_altar_statues,
          chequers_serial_rivers_micro_c
D:3:      layout_basic, bloody_makhleb, serial_shops, shop,
          nicolae_shop_gibbet_a_chance, nicolae_diamond_shop,
          kennysheep_doodads, hangedman_decor_points, wad_orctagon
D:4:      cheibrodos_greedy_goblins, layout_loops_ring,
          mainiacjoe_overflow_paths, minmay_temple_entry_nine_rooms,
          serial_shops, shop_statue, chequers_serial_rivers_marsh
D:5:      layout_basic, mainiacjoe_overflow_concentric_impassable, serial_shops,
          shop
Temple:   hellmonk_temple_divided_pantheon

Skill      XL: |  1  2  3  4  5  6 |
---------------+-------------------+-----
Armour         | 1 2 3 |  3.2
Stealth        | 1 2 |  2.2
Fighting       | 3 4 |  4.1
Shields        | 1 |  1.5
Maces & Flails | 4 |  4.2
Dodging        | 3 |  3.0
Throwing       | |  1.7

Action                     |  1- 3 |  4- 6 || total
---------------------------+-------+-------++-------
  Melee: Flail             |   206 |   159 ||   365
         Punch             |     1 |     1 ||     2
    Use: Potion            |       |     2 ||     2
   Stab: Sleeping          |       |     1 ||     1
 Armour: Leather armour    |   121 |       ||   121
         Ring mail         |    19 |    86 ||   105
  Dodge: Dodged            |   197 |    82 ||   279
  Block: Buckler           |       |    18 ||    18
